 Dungeon Crawl Stone Soup version 0.31-a0-277-g31ea1f65cc (webtiles) character file.

Game seed: 11547202325776563342

521 Monkooky the Ruffian (level 7, 0/67 HPs)
             Began as a Naga Shapeshifter on July 15, 2023.
             Was a Follower of Ashenzari.
             Slain by a gnoll sergeant
             ... wielding a +0 heavy spear
              (12 damage)
             ... on level 5 of the Dungeon.
             The game lasted 00:06:21 (3300 turns).

Monkooky the Ruffian (Naga Shapeshifter)            Turns: 3300, Time: 00:06:21

Health: 0/67       AC:  4    Str: 24    XL:     7   Next: 21%
Magic:  8/8        EV: 10    Int:  8    God:    Ashenzari [*.....]
Gold:   213        SH:  0    Dex: 13    Spells: 5/8 levels left

rFire   . .          .
                       - Unarmed
rCold   . . .        (no shield)
rNeg    . . .        b - +1 robe of the Visionary Sky {Melee, Self} (curse)
rPois   +            (helmet currently unavailable)
rElec   .            (cloak currently unavailable)
rCorr   .            (gloves currently unavailable)
SInv    +            (no barding)
Will    .....        (no amulet)
Stlth   +            o - ring "At What Cost Knowledge?" {Str+6, Range, Dev} (curse)
HPRegen 0.31/turn    (no ring)
MPRegen 0.11/turn

%: no passive effects
@: beast-form, very slow
A: beast (slay +2), AC +2, large, see invisible, deformed body, poison
resistance, slowness 2, spit poison 1, naga tail 1
a: Spit Poison, Begin Untransformation, Renounce Religion, Shatter the Chains


You were on level 5 of the Dungeon.
You worshipped Ashenzari.
Ashenzari was aware of your devotion.
You were a hulking beast.
You visited 1 branch of the dungeon, and saw 5 of its levels.

You collected 213 gold pieces.

Inventory:

Missiles
 e - 5 boomerangs
Armour
 a - a +0 animal skin
 b - the cursed +1 robe of the Visionary Sky (worn) {Melee, Self}
   (You took it off Sigmund on level 2 of the Dungeon)

   It has a curse which improves the following skills: Melee Combat: Short
   Blades, Long Blades, Axes, Maces & Flails, Polearms, Staves and Unarmed
   Combat.
   Introspection: Fighting and Spellcasting.
 l - a +1 helmet
 s - a +0 pair of gloves
Jewellery
 o - the cursed ring "At What Cost Knowledge?" (left hand) {Str+6, Range, Dev}
   (You found it on level 3 of the Dungeon)

   [ring of strength]

   Str:       It affects your strength (+6).
   It has a curse which improves the following skills: Ranged Combat: Ranged
   Weapons and Throwing.
   Devices:   Evocations and Shapeshifting.
Talismans
 c - a beast talisman
Wands
 j - a wand of roots (9)
 r - a wand of charming (9)
Scrolls
 f - a scroll of teleportation
 i - a scroll of vulnerability
 n - a scroll of amnesia
Potions
 d - 2 potions of magic
 g - a potion of brilliance
 h - a potion of degeneration
 k - a potion of heal wounds
 p - a potion of mutation
 q - a potion of attraction
 t - a potion of curing


   Skills:
 * Level 4.6(5.4) Fighting
 - Level 1.5 Dodging
 - Level 5.9(6.7) Unarmed Combat
 - Level 0.6(1.0) Spellcasting
 - Level 0.9 Translocations
 - Level 1.0 Air Magic
 - Level 3.0(3.6) Shapeshifting


You had 5 spell levels left.
You knew the following spells:

 Your Spells              Type           Power      Damage    Failure   Level
a - Vhi's Electric Charg  Tloc/Air       4%         N/A       61%         3

Your spell library contained the following spells:

 Spells                   Type           Power      Damage    Failure   Level
 Arcjolt                  Conj/Air       0%         1d10      100%        5
 Plasma Beam              Fire/Air       0%         2x1d10    100%        6


Dungeon Overview and Level Annotations

Branches:
Dungeon (5/15)
 Temple: D:4-7

Altars:
Ashenzari
Vehumet


Innate Abilities, Weirdness & Mutations

You are a hulking beast.
Your limbs bulge with bestial killing power. (Slay +2)
Your serpentine skin is tough. (AC +2)
You have supernaturally acute eyesight. (SInv)
Armour fits poorly on your strangely shaped body.
Your system is resistant to poisons. (rPois)
You cover ground very slowly.
You can spit poison.
You have a snake-like lower body.


Message History

Unknown command.
Your adder bites the orc but does no damage.
The sleepcap releases spores at your phantom but does no damage.
The orc completely misses you.
Your phantom barely misses the orc.
The adder barely misses you.
The sleepcap releases spores at your phantom.
The orc barely misses you.
Unknown command.
You closely miss the adder. Your punch misses the adder.
The adder is severely wounded.
The adder bites you but does no damage.
Your phantom hits the sleepcap.
Your phantom blinks!
The sleepcap blinks!
Your adder closely misses the orc.
Unknown command.
You punch the orc!
You kill the orc!
The sleepcap misses your phantom. The adder bites you but does no damage.
The gnoll hits your adder with a +0 whip.
Your adder closely misses the adder.
Your phantom hits the sleepcap but does no damage.
Unknown command.
You punch the orc!
The orc is almost dead.
The adder barely misses you.
Your adder barely misses the adder.
The sleepcap releases spores at your phantom!
The orc closely misses you. x2; The gnoll barely misses your adder.
Your phantom hits the sleepcap.
Your phantom blinks!
The sleepcap blinks!
You barely miss the orc.
The orc is almost dead.
Your surroundings suddenly seem different.
A gnoll sergeant and 2 gnolls come into view.
The gnoll sergeant is wielding a +0 heavy spear.
Found an escape hatch in the floor.
The gnoll shouts!
You hear a shout! x3
You hear a shout!
There is an escape hatch in the floor here.
The gnoll sergeant hits you from afar with a +0 heavy spear!
You die...

####
#.h#
#.g#
#gg#
...#
...⌠#
.....#
#++#..#
#..#


You could see a gnoll sergeant and 2 gnolls.

Vanquished Creatures
  Sigmund (D:2)
  A bullfrog (D:4)
  A hound (D:4)
  An orc priest (D:4)
  An iguana (D:4)
  An orc wizard (D:4)
  Robin (D:3)
  2 adders (D:4)
  4 gnolls (D:3)
  A shadow imp (D:3)
  2 worms (D:2)
  A dart slug (D:4)
  9 orcs
  10 ball pythons
  8 bats
  5 endoplasms
  3 giant cockroaches
  14 goblins
  8 hobgoblins
  3 jackals (D:4)
  5 kobolds
  2 quokkas
  3 frilled lizards
  6 rats
93 creatures vanquished.

Vanquished Creatures (collateral kills)
  An orc (D:5)
1 creature vanquished.

Grand Total: 94 creatures vanquished

Notes
Turn   | Place    | Note
-------+----------+-------------------------------------------
     0 | D:1      | Monkooky the Naga Shapeshifter began the quest for the Orb.
     0 | D:1      | Reached XP level 1. HP: 19/19 MP: 1/1
   200 | D:1      | Reached XP level 2. HP: 25/26 MP: 2/2
   256 | D:1      | Reached skill level 3 in Unarmed Combat
   903 | D:2      | Noticed Sigmund
   906 | D:2      | Killed Sigmund
   907 | D:2      | Reached skill level 5 in Unarmed Combat
   907 | D:2      | Reached XP level 3. HP: 32/32 MP: 3/3
   907 | D:2      | Reached XP level 4. HP: 39/39 MP: 4/4
   907 | D:2      | Reached XP level 5. HP: 45/45 MP: 5/5
  1226 | D:2      | Found a broken altar of Ashenzari.
  1232 | D:2      | Became a worshipper of Ashenzari the Shackled
  1447 | D:2      | Learned a level 3 spell: Vhi's Electric Charge
  1756 | D:3      | Noticed Robin
  1766 | D:3      | Killed Robin
  1767 | D:3      | Reached XP level 6. HP: 45/52 MP: 6/6
  2087 | D:3      | Reached skill level 1 in Air Magic
  2379 | D:3      | Found a radiant altar of Vehumet.
  2793 | D:4      | Reached * piety under Ashenzari
  2962 | D:4      | Reached XP level 7. HP: 66/66 MP: 8/8
  3276 | D:5      | Entered Level 5 of the Dungeon
  3300 | D:5      | Slain by a gnoll sergeant

Illustrated notes

Levels and vault maps discovered:
D:1:      scummos_arrival_hexagon, layout_basic, hangedman_glass_teeth
D:2:      layout_basic, basic_altar, chequers_serial_rivers_small_a,
          uniq_sigmund
D:3:      layout_loops_ring, mainiacjoe_overflow_alcove_1,
          kennysheep_generic_room_6, uniq_robin
D:4:      layout_cave_pools, minmay_misc_feat_doors, minmay_box_of_dots
D:5:      layout_cave_pools, dancing_weapons_uskayaw, trog_ov_bears_minmay,
          portal_sewer_entry_a, serial_gnoll_camp, gnoll_camp_mini_basic,
          gnoll_camp_medium_02, gnoll_camp_mini_house, gnoll_camp_mini_house

Skill      XL: |  1  2  3  4  5  6 |
---------------+-------------------+-----
Unarmed Combat | 5 |  5.9
Air Magic      | 1 |  1.0
Fighting       | 4 |  4.6
Dodging        | |  1.5
Spellcasting   | |  0.6
Translocations | |  0.9
Shapeshifting  | |  3.0

Action                     |  1- 3 |  4- 6 |  7- 9 || total
---------------------------+-------+-------+-------++-------
  Melee: Unarmed           |    32 |   108 |    32 ||   172
         Punch             |       |     4 |     1 ||     5
 Invoke: Curse Item        |       |     2 |       ||     2
Ability: Spit Poison       |    19 |    30 |     5 ||    54
  Evoke: Wand              |       |     1 |       ||     1
    Use: Potion            |     1 |       |       ||     1
         Scroll            |       |       |     2 ||     2
   Stab: Sleeping          |       |     3 |       ||     3
 Armour: Animal skin       |     8 |       |       ||     8
         Skin              |     2 |     1 |       ||     3
         Robe              |       |    21 |     6 ||    27
  Dodge: Dodged            |    19 |    38 |    33 ||    90

Table legend: (Time is in decaauts)
 A = Elapsed time spent in this place.
 B = Non-inter-level travel time spent in this place.
 C = Inter-level travel time spent in this place.
 D = Time resting spent in this place.
 E = Time spent auto-exploring this place.
 F = Levels seen in this place.
 G = Mean time per level.
                   A        B        C        D        E       F      G
               +--------+--------+--------+--------+--------+-----+--------+
         Total |   4229 |   4095 |    134 |    206 |   3326 |   5 |  845.8 |
       Dungeon |   4229 |   4095 |    134 |    206 |   3326 |   5 |  845.8 |
               +--------+--------+--------+--------+--------+-----+--------+

Top non-repeatable levels by time:
     D:1: 1198 daAuts
     D:3: 1043 daAuts
     D:2: 1008 daAuts
     D:4: 954 daAuts
     D:5: 24 daAuts
